 Dungeon Crawl Stone Soup version 0.26-a0-651-gb41185065b (webtiles) character file.

Game seed: 14980607358733200518

2 Lanoc the Sneak (level 1, -1/11 HPs)
             Began as a Vine Stalker Delver on Oct 6, 2020.
             Killed from afar by an orc wizard (5 damage)
             ... with a magic dart
             ... on level 6 of the Dungeon.
             The game lasted 00:00:21 (37 turns).

Lanoc the Sneak (Vine Stalker Delver)                 Turns: 37, Time: 00:00:22

Health: -1/11      AC:  3    Str: 14    XL:     1   Next: 40%
Magic:  0/2        EV: 12    Int: 10    God:
Gold:   0          SH:  0    Dex: 15    Spells: 0/0 levels left

rFire    . . .     SeeInvis .   a - +0 falchion
rCold    . . .     Faith    .   (no shield)
rNeg     . . .     Spirit   +   b - +0 leather armour
rPois    .         Reflect  .   (no helmet)
rElec    .         Harm     .   (no cloak)
rCorr    .         Rampage  .   (no gloves)
MR       .....                  (no boots)
Stlth    +++.......             (no amulet)
HPRegen  0.03/turn              (no ring)
MPRegen  0.08/turn              (no ring)

@: no status effects
A: fangs 2, magic shield, antimagic bite, no potion heal 3, rot immunity
a: no special abilities


You were on level 6 of the Dungeon.
You visited 1 branch of the dungeon, and saw 2 of its levels.

Inventory:

Hand Weapons
 a - a +0 falchion (weapon)
Armour
 b - a +0 leather armour (worn)
Wands
 g - a wand of digging (3)
Scrolls
 c - a scroll of fog
 d - a scroll of magic mapping
 e - a scroll of fear
Potions
 f - a potion of haste


   Skills:
 + Level 2.8 Fighting
 - Level 1.7 Long Blades
 + Level 1.7 Dodging
 - Level 6.0 Stealth


You couldn't memorise any spells.
You didn't know any spells.
Your spell library was empty.

Dungeon Overview and Level Annotations

Branches:
Dungeon (6/15)
 Temple: D:4-7

Altars:


Innate Abilities, Weirdness & Mutations

You have extremely sharp teeth.
When hurt, damage is shared between your health and your magic reserves.
Your bite disrupts and absorbs the magic of your enemies.
Potions cannot restore your health.
You are immune to rotting.


Message History

The jackal is almost dead.
The jackal bites you but does no damage.
The jackal barely misses you.
You riposte.
You hit the jackal.
The jackal is heavily wounded.
The jackal bites you but does no damage.
You closely miss the jackal.
The jackal is almost dead.
The jackal bites you. The jackal misses you.
You riposte.
You hit the jackal.
You kill the jackal!
A quokka comes into view.
The jackal completely misses you.
You riposte.
You hit the jackal. You bite the jackal.
You kill the jackal!
A jackal comes into view.
The jackal barks!
The quokka barely misses you.
You closely miss the quokka. Your bite misses the quokka.
The orc wizard gestures at you while chanting.
The magic dart hits you!
You die...

###..o.o.ยง........
#o...#######......
#o#### #...... #.#
#.....# #o# #.....#
#.# #####.# #o# .#
#.# #@# #r# #h# #.#
#.# #.# #.# #.#


You could see an orc wizard (fast), 3 orcs, a quokka and a jackal.

Vanquished Creatures
  2 jackals (D:6)
2 creatures vanquished.

Notes
Turn   | Place    | Note
-------+----------+-------------------------------------------
     0 | D:5      | Lanoc the Vine Stalker Delver began the quest for the Orb.
     0 | D:5      | Reached XP level 1. HP: 11/11 MP: 2/2
    16 | D:6      | Noticed an orc wizard
    37 | D:6      | Killed from afar by an orc wizard

Illustrated notes

Levels and vault maps discovered:
D:5:      layout_basic, lemuel_crystal_altar, eat_drink_and_be_merry_uskayaw,
          brannock_xom_greatest_gift, uniq_sigmund
D:6:      layout_cave_pools, grunt_temple_overflow_lords_of_destruction,
          minmay_temple_entry_from_below_b

Action                   || total
-------------------------++-------
Melee: Falchion          ||     7
       Bite              ||     2
Armor: Leather armour    ||     5
Dodge: Dodged            ||    15
       Rpst.: Falchion   ||     5

Table legend: (Time is in decaauts)
 A = Elapsed time spent in this place.
 B = Non-inter-level travel time spent in this place.
 C = Inter-level travel time spent in this place.
 D = Time resting spent in this place.
 E = Time spent auto-exploring this place.
 F = Levels seen in this place.
 G = Mean time per level.
                   A        B        C        D        E       F      G
               +--------+--------+--------+--------+--------+-----+--------+
         Total |     38 |     38 |      0 |      0 |      4 |   2 |   19.0 |
       Dungeon |     38 |     38 |      0 |      0 |      4 |   2 |   19.0 |
               +--------+--------+--------+--------+--------+-----+--------+

Top non-repeatable levels by time:
     D:6: 24 daAuts
     D:5: 14 daAuts
